 Dungeon Crawl Stone Soup version 0.13-a0-2884-gbbf8bdf (webtiles) character file.

305 JacquesDerrida the Caller (level 5, 22/36 HPs)
             Began as a Demonspawn Summoner on Aug 29, 2013.
             Quit the game on Level 4 of the Dungeon.
             The game lasted 00:12:47 (4018 turns).

JacquesDerrida the Caller (Demonspawn Summoner)     Turns: 4018, Time: 00:12:47

HP  22/36        AC  3     Str 13      XL: 5   Next:  8%
MP   5/9         EV 12     Int 16      God:
Gold 157         SH  0     Dex 12 (16) Spells:  3 memorised,  2 levels left

Res.Fire  : . . .   See Invis. : .   x - +0 falchion
Res.Cold  : . . .   Warding    : .   a - +0 robe
Life Prot.: + . .   Conserve   : .   (no shield)
Res.Poison: .       Res.Corr.  : .   (helmet restricted)
Res.Elec. : .       Clarity    : .   w - +0 cloak
Sust.Abil.: . .     Spirit.Shd : .   (no gloves)
Res.Mut.  : .       Stasis     : +   (no boots)
Res.Rott. : .       Flight     : .   t - amulet of stasis
Saprovore : . . .                    y - ring of positive energy {unknown}
                                     n - +4 ring of strength

@: slightly resistant to hostile enchantments, fairly stealthy
A: antennae 1, Dex +2
a: no special abilities


You were on level 4 of the Dungeon.
You were not hungry.

You visited 1 branch of the dungeon, and saw 4 of its levels.

You collected 137 gold pieces.

Inventory:

Hand weapons
 v - a +4,+3 quarterstaff of chaos
 x - a +0,+0 falchion (weapon)
Missiles
 f - 7 javelins of penetration (quivered)
Armour
 a - a +0 robe (worn)
 k - a +0 orcish leather armour
 l - a +0 cloak
 w - a +0 cloak (worn)
Comestibles
 g - 3 meat rations
Scrolls
 d - 4 scrolls of remove curse {unknown}
 h - a scroll of fear {unknown}
 i - 5 scrolls of identify {unknown}
 m - a scroll of curse jewellery {unknown}
 o - 2 scrolls of fog {unknown}
 p - a scroll of recharging {unknown}
 r - a scroll of amnesia {unknown}
 s - 3 scrolls of teleportation {unknown}
 u - 2 scrolls of random uselessness {unknown}
Jewellery
 n - a +4 ring of strength (left hand)
 t - an amulet of stasis (around neck)
 y - a ring of positive energy (right hand) {unknown}
Potions
 q - a potion of restore abilities
 z - a potion of curing
Books
 b - a book of Callings

   Spells                             Type                      Level
   *Summon Small Mammal               Summoning                    1
   *Call Imp                          Summoning                    2
   *Call Canine Familiar              Summoning                    3
   Summon Scorpions                   Summoning/Poison             4
   Summon Ice Beast                   Ice/Summoning                4


   Skills:
 - Level 2.3 Fighting
 + Level 2.0 Long Blades
 - Level 1.7 Dodging
 - Level 1.7 Stealth
 - Level 2.2 Spellcasting
 - Level 4.5 Summonings


You had 2 spell levels left.
You knew the following spells:

 Your Spells              Type           Power        Failure   Level  Hunger
a - Summon Small Mammal   Summ           ###.         3%          1    #......
b - Call Imp              Summ           ###.......   6%          2    ##.....
c - Call Canine Familiar  Summ           ###.......   12%         3    ####...


Dungeon Overview and Level Annotations

Branches:
Dungeon (4/27)
 Temple: D:4-7

Altars:
Okawaru


Innate Abilities, Weirdness & Mutations

You have a pair of small antennae on your head.
You have a somewhat thin skeletal structure (Dex +2, Stlth).


Message History

The orc wizard gestures at you while chanting.
The magic dart hits you! What do you say? t - Shout!
Orders for allies: a - Attack new target. r - Retreat! s - Stop attacking. w - Wait here. f - Follow me.
Anything else - Stay silent.
Gang up on whom?
Press: ? - help, Dir - move target cursor, f - orc wizard
Aim: an orc wizard, wielding an orcish dagger and wearing an orcish robe Attack!
A rat comes into view.
The orc wizard points at you and mumbles some strange words.
The magic dart hits your shadow imp.
Your crimson imp blinks!
The orc wizard shouts!
The orc wizard mumbles some strange words.
The orc wizard blinks!
Are you sure you want to abandon this character and quit the game? (Confirm with "yes".)

.##..####....# .##..#
###### ##### .##..#
#...### .##...?....#
#..[..# .##o.......#
#####.....#
.##........#
#...##....# #....#####
#...##....#
#...ยง#######.........#
.......ooro5..@.5.%<.#
#......#####........##
o.. #.####...# #. #...#
# #####


You could see 2 orc wizards, an orc, a rat, a friendly crimson imp and a
friendly shadow imp.

Vanquished Creatures
  3 giant geckos
  3 oozes
  2 orcs
  5 giant cockroaches
  A hobgoblin (D:1)
  3 jackals (D:1)
  A quokka (D:3)
  11 bats
  3 giant newts (D:2)
  5 goblins
  9 kobolds
  11 rats
57 creatures vanquished.

Vanquished Creatures (collateral kills)
  Crazy Yiuf (D:2)
  A scorpion (D:4)
  5 adders
  A worm (D:2)
  An ooze (D:2)
  2 goblins (D:4)
  2 hobgoblins
  4 kobolds (D:2)
  2 bats
  An orc skeleton (D:4)
  A rat (D:2)
21 creatures vanquished.

Vanquished Creatures (others)
  A shadow imp (D:4)
  A white imp (D:2)
  A bat (D:1)
  A giant newt (D:2)
  A quokka (D:2)
  A rat (D:1)
  4 plants (D:2)
10 creatures vanquished.

Grand Total: 88 creatures vanquished

Notes
Turn   | Place    | Note
--------------------------------------------------------------
     0 | D:1      | JacquesDerrida, the Demonspawn Summoner, began the quest for the Orb.
     0 | D:1      | Reached XP level 1. HP: 13/13 MP: 3/3
   378 | D:1      | Gained mutation: You have a pair of small antennae on your head. [demonic ancestry]
   378 | D:1      | Reached XP level 2. HP: 13/19 MP: 1/4
   999 | D:2      | Learned a level 2 spell: Call Imp
  1030 | D:2      | Reached XP level 3. HP: 10/24 MP: 2/6
  1374 | D:2      | Reached skill level 1 in Fighting
  2141 | D:2      | Noticed Crazy Yiuf
  2171 | D:2      | Killed Crazy Yiuf
  2171 | D:2      | Reached XP level 4. HP: 31/31 MP: 0/8
  2394 | D:3      | Found an iron altar of Okawaru.
  2830 | D:3      | Learned a level 3 spell: Call Canine Familiar
  3184 | D:3      | Reached skill level 1 in Long Blades
  3621 | D:4      | Noticed a phantom
  3999 | D:4      | Gained mutation: You have a somewhat thin skeletal structure (Dex +2, Stlth). [demonic ancestry]
  3999 | D:4      | Reached XP level 5. HP: 26/36 MP: 3/9
  4018 | D:4      | Quit the game

Action                   |  1- 3 |  4- 6 || total
-------------------------+-------+-------++-------
Melee: Unarmed           |    14 |       ||    14
       Mace              |   142 |    11 ||   153
       Falchion          |       |   101 ||   101
       Quarterstaff      |       |    11 ||    11
Throw: Javelin           |     2 |       ||     2
 Cast: Summon Small Mamm |    10 |       ||    10
       Call Imp          |    14 |    14 ||    28
       Call Canine Famil |       |     1 ||     1
  Use: Potion            |     1 |     6 ||     7
 Stab: Distracted        |     1 |       ||     1
       Sleeping          |     1 |     1 ||     2
